[Event "*** Titled Tuesday Blitz"]
[Site "Chess.com"]
[Date "2020.05.26"]
[Round "1"]
[White "chess94cu"]
[Black "andriipalchuk"]
[Result "0-1"]
[WhiteElo "2467"]
[BlackElo "2078"]
[TimeControl "180+1"]
[EndTime "10:09:42 PDT"]
[Termination "andriipalchuk won by resignation"]

1. d4 Nf6 2. c4 e6 3. Nf3 b6 4. a3 Bb7 5. Nc3 Be7 6. d5 exd5 7. cxd5 O-O 8. e4 d6 9. Bd3 Nbd7 10. O-O Re8 11. Re1 Ng4 12. h3 Nge5 13. Bc2 Nxf3+ 14. Qxf3 Bf6 15. Be3 Ba6 16. Qd1 Ne5 17. Bd4 Nc4 18. Rb1 Bxd4 19. Qxd4 Ne5 20. Ba4 Qf6 21. Rbd1 Re7 22. Bb5 Bc8 23. Qe3 a6 24. Be2 Ng6 25. Bf1 Bd7 26. g3 b5 27.
Bg2 Rae8 28. Qd4 Qxd4 29. Rxd4 Ne5 30. a4 bxa4 31. Nxa4 Bxh3 32. Rc1 Bg4 33. Rc3 Be2 34. b3 Bb5 35. Nb2 Kf8 36. f3 Rb8 37. Kf2 Ng6 38. Rd2 f6 39. Rdc2 Rb7 40. Nd1 Ne5 41. Ne3 Nd3+ 42.
Kg1 Nb4 43. Rd2 a5 44. Nf5 Rf7 45. Nd4 g6 46. Ne6+ Ke8 47. Bh3 Re7 48. Kf2 Bd7 49.
Ke3 Bxe6 50. Bxe6 Kd8 51. Rh2 Na6 52. Ra2 Rb5 53. Bh3 Nc5 54. Bf1 Rxb3 55. Rxb3 Nxb3 56.
Bc4 Nc5 57. Rxa5 Ke8 58. Bb5+ Kf7 59. Bc6 f5 60. Bb5 fxe4 61. f4 Kf6 62. g4 h6 63.
Ra8 g5 64. Rf8+ Kg7 65. Rf5 gxf4+ 66. Rxf4 Kg6 67. Bc4 Kg5 68. Be2 Nd7 69. Rf5+ Kg6 70. Bd1 Nf6 71. Kf4 e3 72. Bc2 Kg7 73. g5 hxg5+ 74.
Rxg5+ Kf8 75. Rg1 e2 76. Re1 Nxd5+ 77. Kf3 Rf7+ 78. Kg2 Ne3+ 79. Kg3 Nxc2 80. Rxe2 Nd4 81. Rd2 Nf5+ 82. Kg4 Ke7 83. Kg5 Ng7 84. Re2+ Ne6+ 85. Kg6 Rf6+ 86. Kh5 Rf5+ 87. Kg4 Re5 88. Rf2 c5 89.
Kg3 c4 90. Rd2 d5 91. Rc2 Kd6 92. Kf2 Kc5 93. Ra2 d4 94. Ra5+ Kd6 95. Ra6+ Kd5 96.
Ra5+ Nc5 97. Kf1 d3 0-1

[Event "*** Titled Tuesday Blitz"]
[Site "Chess.com"]
[Date "2020.05.26"]
[Round "1"]
[White "SlavenPastar"]
[Black "Bulldog167"]
[Result "0-1"]
[WhiteElo "2398"]
[BlackElo "2781"]
[TimeControl "180+1"]
[EndTime "10:09:48 PDT"]
[Termination "Bulldog167 won on time"]

1. d4 Nf6 2. c4 e6 3. Nc3 Bb4 4. e3 O-O 5. Bd3 c5 6. Bd2 b6 7.
Rc1 Bb7 8. Nf3 cxd4 9. exd4 d5 10.
cxd5 Nxd5 11. O-O Be7 12. Qe2 Nd7 13. Ne5 Nxe5 14. dxe5 Nxc3 15. Bxc3 Qd5 16. f3 Rfd8 17. Be4 Qc5+ 18. Kh1 Bxe4 19. Qxe4 Qd5 20. Qxd5 Rxd5 21. Rfd1 Rad8 22. Rxd5 Rxd5 23. Kg1 g5 24. Kf2 Kg7 25. Ke3 Kg6 26. Ke4 h5 27. h3 Bc5 28. Rc2 Rd1 29.
Re2 b5 30. a3 Rc1 31. Kd3 Kf5 32. g4+ Kg6 33. Re1 Rxe1 34. Bxe1 hxg4 35. hxg4 a6 36. Ke4 Bf8 37. Bc3 Be7 38. Bd2 Kg7 39.
Bc3 Kf8 40. Bd2 Ke8 41. b3 Bxa3 42. Bxg5 a5 43. Bd2 a4 44. bxa4 bxa4 45. Bc3 Bc1 46. Kd3 Kd7 47. Kc2 Be3 48. Kd3 Bf4 49. Kc4 Kc6 50. Kb4 Kd5 51. Kxa4 Bxe5 52. Bd2 Kc4 53. Ka3 Kd3 54. Bh6 Ke2 55. f4 Bd6+ 56. Kb3 Kf3 57.
f5 Kxg4 58. fxe6 fxe6 59. Kc4 Kf3 60. Kd4 e5+ 61. Kd5 Bb8 62. Bg5 e4 63. Bh6 Bf4 64. Bg7 e3 65. Bc3 e2 66. Kc4 Ke3 67. Bb4 Be5 68. Ba5 Bd6 69. Bc3 Bg3 70. Bb4 Be5 71. Ba5 Bf6 72. Bb4 Bb2 73. Ba5 Bc1 74. Bb6+ Kf3 75. Ba5 Ke3 76. Bb6+ Kf3 77. Ba5 Be3 78.
Kd3 Bb6 79. Be1 Bc5 80. Bc3 Kf2 81. Bd2 Kf1 82. Bc3 Bd6 83. Ba5 Be7 84. Bc3 Bd8 85.
Bd2 Bb6 86. Bc3 Bf2 87. Bb4 Be1 88. Bd6 Kf2 89. Bc5+ Kf3 90. Bd6 Bd2 91. Kxd2 Kf2 92. Bc5+ Kf1 93. Bf2 Kxf2 0-1

[Event "*** Titled Tuesday Blitz"]
[Site "Chess.com"]
[Date "2020.05.26"]
[Round "1"]
[White "Everyfishknows"]
[Black "Sankalp_Gupta2003"]
[Result "0-1"]
[WhiteElo "2341"]
[BlackElo "2703"]
[TimeControl "180+1"]
[EndTime "10:09:50 PDT"]
[Termination "Sankalp_Gupta2003 won by resignation"]

1. Nf3 d5 2. c4 d4 3. g3 Nc6 4. Bg2 e5 5. d3 Bb4+ 6. Bd2 a5 7.
O-O Nf6 8. a3 Be7 9. e3 O-O 10.
exd4 exd4 11. Bf4 Bf5 12. Ne5 Nxe5 13. Bxe5 c6 14. Re1 Re8 15. Qc2 Ng4 16. Bf4 g5 17.
Bc1 Qd6 18. Nd2 Bf8 19. Ne4 Bxe4 20. Rxe4 Rxe4 21. Bxe4 h6 22. Bd2 a4 23. Re1 Bg7 24. Kg2 Qf6 25. Re2 h5 26. Qc1 Bh6 27. h3 Ne5 28. h4 Bg7 29. hxg5 Qd6 30. Bf4 Re8 31. Qh1 Qd7 32. Qxh5 Ng6 33. Bxg6 fxg6 34. Qf3 Rxe2 35.
Qxe2 Qf5 36. Qe4 Qg4 37. Qf3 Qe6 38. Qe4 Qf7 39. Bd2 Kh7 40. Qf4 Qe6 41. Qh4+ Kg8 42. Qe4 Qd7 43. Bc1 Kh7 44. Bd2 c5 45. Bf4 b5 46. cxb5 Qxb5 47. Qe2 Qb3 48. Qd2 Qd5+ 49.
Kg1 c4 50. dxc4 Qxc4 51. Kg2 d3 52. Be3 Qd5+ 53. Kg1 Qb3 54. Kg2 Bxb2 55. Bc5 Bg7 56.
Bb4 Qc2 57. Qf4 Qc6+ 58. Qf3 Qd7 59. Qd1 Qd5+ 60. Qf3 Qb3 61. Qe4 Qd1 62. Qe3 Qc2 63. Qf3 Qb3 64. Qe3 Kg8 65. Qd2 Kf7 66.
Kg1 Qd5 67. Kf1 Ke6 68. Kg1 Kd7 69. Qe3 Kc6 70. Qc1+ Kb5 71. Qd2 Qc4 72. Kg2 Qd5+ 73. Kg1 Kc4 74. Qc1+ Kb3 75. Qb1+ Bb2 76. Qd1+ Ka2 77.
Qd2 Kb1 78. g4 Bc1 79. Qd1 d2 80. Qxa4 d1=Q+ 81. Qxd1 Qxd1+ 82. Kg2 Qxg4+ 83. Kf1 Bxg5 0-1

[Event "*** Titled Tuesday Blitz"]
[Site "Chess.com"]
[Date "2020.05.26"]
[Round "1"]
[White "Leonid_Starozhilov"]
[Black "varacalli"]
[Result "1/2-1/2"]
[WhiteElo "2679"]
[BlackElo "2333"]
[TimeControl "180+1"]
[EndTime "10:09:50 PDT"]
[Termination "Game drawn by repetition"]

1. e4 e5 2. Nf3 Nc6 3. Bc4 Bc5 4. d3 Nf6 5. Be3 Bb6 6. Nc3 d6 7. h3 h6 8. Qd2 Be6 9. Bb3 Bxe3 10. fxe3 Bxb3 11.
axb3 d5 12. exd5 Nxd5 13. O-O O-O 14. Rf2 Nxc3 15. bxc3 f5 16. Raf1 a6 17. d4 e4 18.
Nh2 Qg5 19. Rf4 Rf6 20. Qf2 Raf8 21. Qe2 Ne7 22. h4 Qg6 23. Qc4+ R6f7 24. Kh1 c6 25. g4 Nd5 26. gxf5 Rxf5 27. Rxf5 Rxf5 28. Rxf5 Qxf5 29. Qe2 Qh3 30. Qg4 Qxe3 31. Qe6+ Kh8 32. Qc8+ Kh7 33. Qf5+ Kg8 34. Qc8+ Kf7 35. Qf5+ Nf6 36.
h5 Qe1+ 37. Kg2 Qe2+ 38. Kg1 Qxh5 39. Qc8 e3 40. Qxb7+ Kg8 41. Qxc6 Qd1+ 42. Kg2 Qxc2+ 43. Kg1 Qf2+ 44. Kh1 e2 45. Nf3 e1=Q+ 46. Nxe1 Qxe1+ 47. Kh2 Qe2+ 48. Kg1 Qd1+ 49. Kg2 Qg4+ 50. Kh1 h5 51. Qa8+ Kh7 52. Qxa6 h4 53. Qd3+ Ne4 54. Kh2 Qf4+ 55. Kg2 h3+ 56. Kxh3 Kg8 57. Kg2 Qf2+ 58. Kh3 Ng5+ 59. Kg4 Nf7 60. Qc4 Kf8 61. Qc8+ Ke7 62. Qc7+ Ke8 63. Qc8+ Nd8 64. Qf5 Qg2+ 65. Kf4 Qd2+ 66.
Kg4 Qxc3 67. Qe5+ Kd7 68. Qxg7+ Kc8 69. Qe5 Qd3 70. Qf5+ Qxf5+ 71. Kxf5 Kd7 72. Ke5 Nc6+ 73. Kd5 Nb4+ 74. Kc4 Nc2 75. Kc5 Ne1 76. b4 Nc2 77. b5 Nxd4 78. Kxd4 Kc7 79. Kc5 Kb7 80. b6 Kb8 81. Kb5 Kb7 82. Ka5 Kb8 83. Kb4 Kb7 84.
Kc5 Kb8 85. Kb5 Kb7 86. Ka5 Kb8 87. Ka6 Ka8 88. Kb5 Kb7 1/2-1/2

[Event "*** Titled Tuesday Blitz"]
[Site "Chess.com"]
[Date "2020.05.26"]
[Round "1"]
[White "BlackWidow515"]
[Black "blitzking1729"]
[Result "0-1"]
[WhiteElo "2128"]
[BlackElo "2508"]
[TimeControl "180+1"]
[EndTime "10:09:50 PDT"]
[Termination "blitzking1729 won by resignation"]

1. e4 d6 2. d4 Nf6 3. Nc3 e5 4. dxe5 dxe5 5. Qxd8+ Kxd8 6. Nf3 Bd6 7.
Bc4 Be6 8. Bb3 Nbd7 9. Be3 a6 10. Ng5 Ke7 11. Nxe6 fxe6 12. f3 Bc5 13. Ke2 Bxe3 14.
Kxe3 Nc5 15. Rad1 b5 16. h4 Nh5 17. Ne2 a5 18. a3 Rhf8 19. Rd2 b4 20. a4 Nf6 21. Rhd1 Nfd7 22. Bc4 Nb6 23. Bb5 Rac8 24. c3 c6 25. cxb4 axb4 26. a5 cxb5 27. axb6 Rc6 28.
Nc1 Rxb6 29. Na2 b3 30. Nb4 Ra8 31. Rc1 Nd7 32. Rc7 Rd6 33. Nc6+ Rxc6 34. Rxc6 Ra7 35. Rc3 Nb6 36. Rxb3 Nc4+ 37. Ke2 Nxd2 38. Kxd2 Rb7 39. Kc3 Kd6 40. Kb4 Kc6 41. Rd3 Ra7 42. Rd8 Ra4+ 43. Kb3 Rd4 44. Re8 Kd7 45. Rb8 Rd2 46. Rxb5 Rxg2 47.
Rxe5 Rg3 48. Rg5 Rxf3+ 49. Kc4 g6 50. b4 Ke7 51. b5 Rf1 52. Rc5 Rc1+ 53. Kd4 Rd1+ 54.
Ke5 Rb1 55. Rc7+ Kd8 56. Rb7 Rb4 57. Kxe6 Rxe4+ 58. Kf7 Rxh4 59. Kg7 Rh1 60. Rb8+ Kc7 61. Rh8 g5 62. Kf6 g4 63. Kf5 h5 64. Kf4 Kb6 65. Kg3 Kxb5 66. Rf8 Rh3+ 67. Kg2 Kc6 68. Rf4 Kd5 69.
Rf5+ Ke6 70. Rf8 Ke5 71. Re8+ Kf6 72. Rf8+ Kg5 73. Rg8+ Kh4 74. Rh8 Ra3 75. Kf1 Ra2 76.
Ke1 g3 77. Kf1 Kg4 78. Rg8+ Kh3 79. Rh8 h4 0-1

[Event "*** Titled Tuesday Blitz"]
[Site "Chess.com"]
[Date "2020.05.26"]
[Round "1"]
[White "Semetey"]
[Black "Perecke"]
[Result "1-0"]
[WhiteElo "2547"]
[BlackElo "2202"]
[TimeControl "180+1"]
[EndTime "10:09:59 PDT"]
[Termination "Semetey won on time"]

1. Nf3 d5 2. g3 Nf6 3. Bg2 Bg4 4. O-O c6 5. d3 e6 6. Nbd2 Be7 7. e4 O-O 8. Qe1 Nbd7 9. h3 Bxf3 10. Nxf3 dxe4 11. dxe4 Nc5 12. e5 Nd5 13. Qe2 Qc7 14. h4 Rad8 15.
Bg5 h6 16. Bd2 a6 17. h5 b5 18. Nh2 Nd7 19. Ng4 Bg5 20. Bxg5 hxg5 21. Rae1 Rde8 22.
Qd2 f5 23. exf6 gxf6 24. f4 gxf4 25. gxf4 f5 26. Ne5 Nxe5 27. Rxe5 Kh7 28. Rfe1 Qa7+ 29. Kh1 Qf7 30. Bf3 Rg8 31. Qh2 Nf6 32. Qe2 Ng4 33.
Bxg4 Rxg4 34. Qh2 Kh6 35. Rg1 Qxh5 36. Rxg4 Qxh2+ 37. Kxh2 fxg4 38. Kg3 Kg6 39. Kxg4 Kf6 40. Rh5 Rd8 41. Rh6+ Ke7 42. Rh7+ Kf6 43. Rh2 Rd4 44.
Kf3 Kf5 45. Rh5+ Kg6 46. Rg5+ Kf6 47. Ke3 Rd5 48. Rg2 Kf5 49. Rh2 e5 50. Rh5+ Ke6 51. Rh6+ Kd7 52. Rh7+ Ke6 53. Rh6+ Kf5 54. Rxc6 exf4+ 55. Kf3 Re5 56. Rxa6 Re3+ 57. Kf2 Rh3 58. Rb6 Rh2+ 59. Kf3 Rxc2 60. Rxb5+ Ke6 61. Kxf4 Kd6 62.
Ke4 Kc6 63. Rb3 Rh2 64. Kd4 Rh1 65. Kc4 Rh4+ 66. Kc3 Kc5 67. a3 Rh2 68. Rb8 Rh3+ 69.
Kc2 Rh2+ 70. Kb1 Rh1+ 71. Ka2 Rh2 72. a4 Kc6 73. Ka3 Kc7 74. Rb3 Rh1 75. a5 Kc6 76.
Kb4 Rh4+ 77. Ka3 Rh1 78. Ka4 Rh4+ 79. Rb4 Rh1 80. Rc4+ Kb7 81. b4 Ra1+ 82. Kb5 Rh1 83. a6+ Ka7 84. Rc7+ Ka8 85. Kb6 Rh8 86. b5 Rh6+ 87.
Rc6 Rh8 88. Rd6 Kb8 89. Ka5 Rg8 90. Rd5 Rh8 91. b6 Rg8 92. Kb5 Rh8 93. Kc6 Rh6+ 94.
Rd6 Rh8 95. Re6 Rd8 96. Rf6 Rh8 97. Rg6 Rf8 98. a7+ Ka8 99. Kb5 Rf5+ 100. Ka6 1-0

[Event "*** Titled Tuesday Blitz"]
[Site "Chess.com"]
[Date "2020.05.26"]
[Round "1"]
[White "Funo09"]
[Black "albano87"]
[Result "1/2-1/2"]
[WhiteElo "2690"]
[BlackElo "2342"]
[TimeControl "180+1"]
[EndTime "10:10:01 PDT"]
[Termination "Game drawn - insufficient material"]

1. e4 c5 2. Nc3 Nc6 3. Bb5 Nd4 4. Bc4 g6 5. Nf3 Bg7 6. Nxd4 cxd4 7. Qf3 Nf6 8. e5 dxc3 9. dxc3 Qc7 10. exf6 Bxf6 11. Bb3 O-O 12. Bh6 Qe5+ 13. Kf1 Rd8 14. Re1 Qb5+ 15.
c4 Qf5 16. Qxf5 gxf5 17. c3 d6 18. h4 a5 19. Rh3 Be6 20. Kg1 a4 21. Bc2 Ra5 22. Bd3 d5 23. cxd5 Raxd5 24. Be2 Re5 25. a3 Bc4 26. Re3 Rxe3 27. Bxe3 Bxe2 28. Rxe2 Rd1+ 29.
Kh2 Bxh4 30. Bd4 Rd3 31. g3 Bg5 32. Re5 Bf6 33. Rxf5 Bxd4 34. cxd4 Rb3 35. Kg2 Rxb2 36. Ra5 b5 37. d5 Rb3 38. f4 Kg7 39. Kh3 h5 40.
Kh4 Kg6 41. Ra6+ f6 42. Rb6 b4 43. axb4 a3 44. Ra6 Rxb4 45. Rxa3 Rb1 46. Kh3 Rh1+ 47. Kg2 Rd1 48. Ra5 Rd4 49. Kh3 Rd3 50. Rc5 Rd4 51.
Rc7 Rxd5 52. Rxe7 Rd1 53. Re2 Rh1+ 54. Kg2 Rd1 55. Kf3 Rd5 56. Re3 Rd4 57. Rc3 Rb4 58.
Rc5 Rd4 59. Kg2 Rd2+ 60. Kh3 Rd3 61. Kh4 Rd1 62. Kh3 Rh1+ 63. Kg2 Rd1 64. Rc8 Rd2+ 65. Kh3 Rd3 66. Rg8+ Kf5 67. Rh8 Kg6 68. Rg8+ Kf5 69.
Kh4 Rd1 70. Kh3 Rh1+ 71. Kg2 Rc1 72. Rg7 Rc2+ 73. Kh3 Rc1 74. Rh7 Kg6 75. Rh8 Rb1 76. Kg2 Rb2+ 77. Kf3 Rb3+ 78. Kf2 Rb2+ 79. Kg1 Rb1+ 80.
Kg2 Rb2+ 81. Kh3 Rb1 82. Rd8 Rc1 83. g4 Rh1+ 84. Kg2 Rh4 85. gxh5+ Rxh5 86. Kg3 Ra5 87.
Kg4 f5+ 88. Kh4 Ra6 89. Rd5 Rb6 90. Rd1 Ra6 91. Rg1+ Kf6 92. Kh5 Ra2 93. Rg6+ Kf7 94. Rc6 Rg2 95. Kh4 Rg4+ 96. Kh5 Rxf4 97. Kg5 Rf1 98.
Rf6+ Kg7 99. Rxf5 Rxf5+ 100. Kxf5 1/2-1/2

[Event "*** Titled Tuesday Blitz"]
[Site "Chess.com"]
[Date "2020.05.26"]
[Round "1"]
[White "A-Fier"]
[Black "MFBerna"]
[Result "1/2-1/2"]
[WhiteElo "2755"]
[BlackElo "2399"]
[TimeControl "180+1"]
[EndTime "10:10:11 PDT"]
[Termination "Game drawn - insufficient material"]

1. e4 c6 2. d4 d5 3. e5 c5 4. dxc5 e6 5. Nf3 Bxc5 6. a3 Nc6 7. b4 Bb6 8. Bb2 Nge7 9. Bd3 Ng6 10. O-O O-O 11.
Re1 a5 12. b5 Nce7 13. g3 Nf5 14. Nbd2 a4 15. c4 dxc4 16. Nxc4 Bc5 17. Qe2 b6 18.
Rad1 Qe7 19. Bxf5 exf5 20. Nd6 Be6 21. h4 Rfd8 22. h5 Nf8 23. Nd4 Qg5 24. Bc1 Qg4 25. Qxg4 fxg4 26. Nc6 Rd7 27. Bb2 Bb3 28. Rd3 Ne6 29.
Rc1 Kf8 30. Kg2 f6 31. h6 gxh6 32. Rh1 fxe5 33. Bxe5 Bc2 34. Rd2 Bg6 35. Ra1 Kg8 36.
f3 gxf3+ 37. Kxf3 Rf8+ 38. Kg2 Bxd6 39. Bxd6 Be4+ 40. Kh2 Rf5 41. g4 Rg5 42. Ne7+ Rxe7 43. Bxe7 Rxg4 44. Rd6 Kf7 45. Re1 Bf5 46. Bd8 h5 47. Bxb6 Rc4 48. Bf2 Rc2 49. Kg1 Nf4 50.
Re3 Nh3+ 51. Kg2 Nxf2 52. Kg3 h4+ 53. Kf4 Nh3+ 54. Kxf5 Rc5+ 55. Kg4 Nf2+ 56. Kxh4 Rc4+ 57. Kh5 Ne4 58. Rd7+ Kf8 59. b6 Nf6+ 60. Kh6 Nxd7 61. Rd3 Rc6+ 62. Kxh7 Nxb6 63. Rd4 Ke7 64. Rb4 Re6 65.
Kg7 Kd7 66. Kf7 Rc6 67. Rd4+ Kc7 68. Ke7 Rc3 69. Rd2 Re3+ 70. Kf6 Rxa3 71. Rc2+ Kb7 72.
Ke5 Rb3 73. Kd4 Ka6 74. Kc5 Ka5 75. Ra2 Rc3+ 76. Kd4 Rc8 77. Kd3 Kb4 78. Rb2+ Ka5 79.
Ra2 Nc4 80. Kc3 Nb6+ 81. Kb2 Kb4 82. Kb1 Nc4 83. Re2 Rd8 84. Re4 Kb3 85. Re1 a3 86.
Ka1 Rd2 87. Rb1+ Kc3 88. Rc1+ Kb3 89. Rh1 Ra2+ 90. Kb1 Re2 91. Ka1 Re3 92. Rd1 Ne5 93.
Rb1+ Ka4 94. Ka2 Re2+ 95. Ka1 Nc4 96. Rc1 Re4 97. Ka2 Ka5 98. Kb3 Re2 99. Kxc4 a2 100.
Kb3 Kb5 101. Ra1 Ka5 102. Kc3 Kb5 103. Kb3 Rf2 104. Ka3 Re2 105. Rxa2 Rxa2+ 106. Kxa2 1/2-1/2

[Event "*** Titled Tuesday Blitz"]
[Site "Chess.com"]
[Date "2020.05.26"]
[Round "2"]
[White "2nd_life"]
[Black "FeketeBarika"]
[Result "1-0"]
[WhiteElo "2453"]
[BlackElo "2239"]
[TimeControl "180+1"]
[EndTime "10:12:18 PDT"]
[Termination "2nd_life won by checkmate"]

1. e4 e6 2. d4 d5 3. Nc3 Be7 4. Nf3 Nf6 5. e5 Nfd7 6. Ne2 c5 7. c3 Nc6 8. Nf4 cxd4 9. cxd4 O-O 10. Bd3 a6 11. O-O h6 12. Re1 b5 13. Bb1 Nb6 14. Qc2 Bd7 15. Qh7# 1-0

[Event "*** Titled Tuesday Blitz"]
[Site "Chess.com"]
[Date "2020.05.26"]
[Round "2"]
[White "robertofabregas"]
[Black "Djager97"]
[Result "0-1"]
[WhiteElo "2100"]
[BlackElo "2393"]
[TimeControl "180+1"]
[EndTime "10:12:24 PDT"]
[Termination "Djager97 won by resignation"]

1. c4 e6 2. Nf3 d5 3. d4 c6 4. g3 dxc4 5. Bg2 b5 6. a4 Bb7 7. Ne5 a6 8. axb5 axb5 9. Rxa8 Bxa8 10.
Nc3 Nf6 11. Nxb5 cxb5 12. Bxa8 Qa5+ 13. Bd2 Qxa8 14. f3 Nbd7 15. Nxd7 Nxd7 16. e4 Be7 17. Kf2 O-O 0-1

[Event "*** Titled Tuesday Blitz"]
[Site "Chess.com"]
[Date "2020.05.26"]
[Round "2"]
[White "stoleriu"]
[Black "joejan"]
[Result "1-0"]
[WhiteElo "2552"]
[BlackElo "2204"]
[TimeControl "180+1"]
[EndTime "10:12:45 PDT"]
[Termination "stoleriu won by resignation"]

1. e4 c5 2. Nf3 d6 3. Bb5+ Bd7 4. c4 Nf6 5. Nc3 Bxb5 6. cxb5 g6 7. O-O Bg7 8. d4 cxd4 9. Nxd4 Nbd7 10. Be3 O-O 11. Rc1 Rc8 12. f3 Re8 13. Qe2 Ne5 14. Rfd1 Nc4 15. Bg5 Qb6 16. Na4 Qc7 17. b3 1-0

[Event "*** Titled Tuesday Blitz"]
[Site "Chess.com"]
[Date "2020.05.26"]
[Round "2"]
[White "JulAnt"]
[Black "crescentmoon2411"]
[Result "0-1"]
[WhiteElo "2414"]
[BlackElo "2774"]
[TimeControl "180+1"]
[EndTime "10:12:50 PDT"]
[Termination "crescentmoon2411 won by resignation"]

1. e4 e5 2. Nf3 Nc6 3. Bb5 Nf6 4. d3 Bc5 5. c3 O-O 6. O-O d6 7. h3 Bb6 8. Bg5 Qe7 9. Re1 Nd8 10. Ba4 Ne6 11. Bh4 Nf4 12. Nbd2 Nxd3 13.
Nf1 Nxe1 0-1

[Event "*** Titled Tuesday Blitz"]
[Site "Chess.com"]
[Date "2020.05.26"]
[Round "2"]
[White "Artem_Sadovsky"]
[Black "GodDMuhammad"]
[Result "1-0"]
[WhiteElo "2515"]
[BlackElo "2279"]
[TimeControl "180+1"]
[EndTime "10:13:07 PDT"]
[Termination "Artem_Sadovsky won by resignation"]

1. Nf3 d5 2. g3 c6 3. Bg2 Nf6 4. O-O Bg4 5. c4 Bxf3 6. Bxf3 e6 7. b3 Nbd7 8. Bb2 Bd6 9. d3 h5 10. Nd2 h4 11. e4 hxg3 12. hxg3 Qb6 13. exd5 Bxg3 14.
dxe6 Bh2+ 15. Kg2 fxe6 16. Rh1 Qc7 17. Nf1 O-O-O 18. Rxh2 Rxh2+ 19. Nxh2 Rh8 20. Qg1 Ne5 21. Bxe5 Qxe5 22. Ng4 Qf4 23. Nxf6 gxf6 24. Qd1 Qg5+ 25. Kf1 Rh3 26. Bg2 Rh2 27. Qf3 e5 28. Re1 Kc7 29. d4 a5 30. dxe5 fxe5 31. Qg3 Qxg3 32. fxg3 Kd6 33.
Re4 Rh6 34. Rh4 Rf6+ 35. Ke2 Kc5 36. g4 Kb4 37. g5 Rf8 38. g6 Ka3 39. g7 Rg8 40.
Rg4 Kxa2 41. Be4 Kxb3 42. Bh7 Rxg7 43. Rxg7 b5 44. cxb5 cxb5 45. Kd2 1-0

[Event "*** Titled Tuesday Blitz"]
[Site "Chess.com"]
[Date "2020.05.26"]
[Round "2"]
[White "ChessTraining77"]
[Black "chenrip"]
[Result "1-0"]
[WhiteElo "2529"]
[BlackElo "2282"]
[TimeControl "180+1"]
[EndTime "10:13:17 PDT"]
[Termination "ChessTraining77 won by resignation"]

1. e4 e6 2. d4 d5 3. Nc3 Bb4 4. e5 c5 5. a3 Bxc3+ 6. bxc3 Ne7 7. a4 Qa5 8. Bd2 c4 9. h4 Bd7 10. h5 h6 11. Nf3 Bxa4 12. g3 b5 13. Bh3 Nbc6 14. Nh4 Kd7 15. O-O g5 16. hxg6 Nxg6 17. Nxg6 fxg6 18. Qg4 Rae8 19. Qxg6 h5 20. Qf7+ Re7 21.
Bxe6+ Kd8 22. Qf6 h4 23. Qxh8+ 1-0

[Event "*** Titled Tuesday Blitz"]
[Site "Chess.com"]
[Date "2020.05.26"]
[Round "2"]
[White "QueenOfTactics90"]
[Black "diablanni"]
[Result "1-0"]
[WhiteElo "1936"]
[BlackElo "2317"]
[TimeControl "180+1"]
[EndTime "10:13:40 PDT"]
[Termination "QueenOfTactics90 won by resignation"]

1. e4 c5 2. Nf3 Nc6 3. d4 cxd4 4. Nxd4 g6 5. c4 Nf6 6. Nc3 d6 7. Be3 Ng4 8. Bc1 Qb6 9. Nce2 Bg7 10. h3 Nf6 11. Nxc6 Qxf2+ 12. Kxf2 1-0

[Event "*** Titled Tuesday Blitz"]
[Site "Chess.com"]
[Date "2020.05.26"]
[Round "2"]
[White "MMKZH22"]
[Black "Shota_Azaladze"]
[Result "0-1"]
[WhiteElo "2315"]
[BlackElo "2839"]
[TimeControl "180+1"]
[EndTime "10:13:55 PDT"]
[Termination "Shota_Azaladze won by resignation"]

1. Nf3 g6 2. c4 Bg7 3. Nc3 c5 4. g3 Nc6 5. Bg2 e6 6. O-O Nge7 7. e3 d5 8. cxd5 exd5 9. d4 cxd4 10. exd4 O-O 11. Bg5 h6 12. Be3 Nf5 13. Qd2 Be6 14. Rac1 Re8 15. Rfe1 Rc8 16. Na4 b6 17. Bf1 Nd6 18. Bxh6 Ne4 19. Qf4 Bxh6 20. Qxh6 Qf6 21. Ng5 Nxg5 22. Bb5 Nf3+ 0-1

[Event "*** Titled Tuesday Blitz"]
[Site "Chess.com"]
[Date "2020.05.26"]
[Round "2"]
[White "Ba_clbaf_osed_ingo_3v21"]
[Black "WeAintSurePal"]
[Result "0-1"]
[WhiteElo "2607"]
[BlackElo "2315"]
[TimeControl "180+1"]
[EndTime "10:13:56 PDT"]
[Termination "WeAintSurePal won by resignation"]

1. Nf3 d5 2. g3 Nf6 3. Bg2 e6 4. O-O Be7 5. c4 dxc4 6. Qa4+ Bd7 7. Qxc4 c5 8. d3 O-O 9. Qc2 Nc6 10. a3 Rc8 11. b3 Nd4 12. Nxd4 cxd4 13. Qb2 Bc6 14. Bg5 Bxg2 15. Bxf6 Bxf1 16. Bxe7 Qxe7 17. Kxf1 Qc5 18. Kg2 e5 19. a4 Qc2 20. Qa3 Qxe2 21. Ra2 Qxd3 22.
Nd2 Rc2 23. Rxc2 Qxc2 24. Nf3 d3 25. Qd6 e4 26. Ng5 d2 27. Ne6 fxe6 0-1

[Event "*** Titled Tuesday Blitz"]
[Site "Chess.com"]
[Date "2020.05.26"]
[Round "2"]
[White "K_A_S_T_O_R"]
[Black "vidavi"]
[Result "1-0"]
[WhiteElo "2720"]
[BlackElo "2309"]
[TimeControl "180+1"]
[EndTime "10:14:00 PDT"]
[Termination "K_A_S_T_O_R won by resignation"]

1. e4 c5 2. Nf3 d6 3. d4 cxd4 4. Nxd4 Nf6 5. Nc3 a6 6. Bg5 e6 7. f4 b5 8. e5 dxe5 9. fxe5 Qc7 10.
exf6 Qe5+ 11. Be2 Qxg5 12. O-O Ra7 13. Qd3 Rd7 14. Ne4 Qe5 15. Nf3 Qxb2 16. Qe3 Bb7 17. Rab1 Qxc2 18. Nfg5 Bxe4 19. Nxe4 Qa4 20. Rbd1 Rxd1 21.
Rxd1 Nd7 22. Qa7 Bc5+ 23. Qxc5 Nxc5 24. fxg7 Rf8 25. Rd8+ 1-0

[Event "*** Titled Tuesday Blitz"]
[Site "Chess.com"]
[Date "2020.05.26"]
[Round "2"]
[White "tteshan"]
[Black "KacperPolOK"]
[Result "0-1"]
[WhiteElo "2172"]
[BlackElo "2414"]
[TimeControl "180+1"]
[EndTime "10:14:00 PDT"]
[Termination "KacperPolOK won by resignation"]

1. e4 e6 2. d4 d5 3. Nd2 Nf6 4. e5 Nfd7 5. Ngf3 c5 6. c3 Nc6 7. Bd3 cxd4 8. cxd4 Qb6 9. Nb3 a5 10. a4 Bb4+ 11. Kf1 f6 12. exf6 Nxf6 13. g3 O-O 14.
Kg2 e5 15. dxe5 Ng4 16. Qe2 Ncxe5 17. Nbd4 Bc5 18. Be3 Nxf3 19. Nxf3 Bxe3 20. fxe3 Nxe3+ 21. Kf2 Bg4 0-1

[Event "*** Titled Tuesday Blitz"]
[Site "Chess.com"]
[Date "2020.05.26"]
[Round "2"]
[White "rugbyclub"]
[Black "Gerasimenyuk_Miha"]
[Result "0-1"]
[WhiteElo "2101"]
[BlackElo "2395"]
[TimeControl "180+1"]
[EndTime "10:14:22 PDT"]
[Termination "Gerasimenyuk_Miha won on time"]

1. c4 e5 2. Nc3 Nc6 3. Nf3 Bc5 4.
e3 a6 5. d4 exd4 6. exd4 Ba7 7. Be2 d6 8. O-O Nge7 9. Bg5 h6 10. Bf4 Bg4 11. d5 Nb8 12. h3 Bh5 13. Re1 O-O 14.
Qd2 Nd7 15. Rac1 f5 0-1

[Event "*** Titled Tuesday Blitz"]
[Site "Chess.com"]
[Date "2020.05.26"]
[Round "2"]
[White "SamuelGhimpu2003"]
[Black "FairChess_on_YouTube"]
[Result "0-1"]
[WhiteElo "2594"]
[BlackElo "3025"]
[TimeControl "180+1"]
[EndTime "10:14:27 PDT"]
[Termination "FairChess_on_YouTube won by resignation"]

1. Nf3 Nf6 2. b3 g6 3. Bb2 Bg7 4. e3 O-O 5. c4 d6 6. d4 e5 7. dxe5 dxe5 8. Be2 e4 9. Qxd8 Rxd8 10. Nd4 c5 11.
Nb5 a6 12. N5c3 Nc6 13. Nd2 Nb4 14. O-O-O Bf5 15. h3 h5 16. a3 Nd3+ 17. Bxd3 Rxd3 18. Na4 Nd7 19. Bxg7 Kxg7 20. Nc3 0-1

[Event "*** Titled Tuesday Blitz"]
[Site "Chess.com"]
[Date "2020.05.26"]
[Round "2"]
[White "SerGo055"]
[Black "amintabatabaei"]
[Result "0-1"]
[WhiteElo "2576"]
[BlackElo "2922"]
[TimeControl "180+1"]
[EndTime "10:14:27 PDT"]
[Termination "amintabatabaei won by resignation"]

1. d4 Nf6 2. Nf3 d5 3. c4 e6 4. Nc3 Bb4 5. Bg5 h6 6. Bxf6 Qxf6 7. Qb3 c5 8. e3 Nc6 9. cxd5 exd5 10. dxc5 Bxc3+ 11.
Qxc3 Qxc3+ 12. bxc3 O-O 13. Nd4 Bd7 14. Rb1 Rab8 15.
Bb5 Rfc8 16. Kd2 Ne5 17. Bxd7 Nxd7 18. c6 bxc6 19. Rxb8 Rxb8 20. Kc2 Ne5 21. f4 Nc4 22. Nxc6 Rb2+ 23. Kc1 Rxa2 24. Rd1 Ra1+ 25. Kc2 Nxe3+ 26. Kd2 Nxd1 0-1

[Event "*** Titled Tuesday Blitz"]
[Site "Chess.com"]
[Date "2020.05.26"]
[Round "2"]
[White "MrMatesM"]
[Black "AndrewDGreen"]
[Result "1-0"]
[WhiteElo "2599"]
[BlackElo "2296"]
[TimeControl "180+1"]
[EndTime "10:14:29 PDT"]
[Termination "MrMatesM won by resignation"]

1. d4 Nf6 2. Nc3 d5 3. Bf4 a6 4. e3 e6 5. Bd3 c5 6. dxc5 Bxc5 7. Nf3 Nc6 8. O-O O-O 9. e4 d4 10. Ne2 b5 11. Ng3 Bb7 12. Bg5 Be7 13. a3 Rc8 14.
h3 h6 15. Bd2 Na5 16. b3 Nc6 17. Qe2 Qc7 18. e5 Nd5 19. Qe4 f5 20. exf6 Nxf6 21.
Qxe6+ Kh8 22. Nh4 Ne5 23. Qxe5 1-0

[Event "*** Titled Tuesday Blitz"]
[Site "Chess.com"]
[Date "2020.05.26"]
[Round "2"]
[White "Zarikovs1999"]
[Black "AungTZ"]
[Result "1-0"]
[WhiteElo "2348"]
[BlackElo "1984"]
[TimeControl "180+1"]
[EndTime "10:14:31 PDT"]
[Termination "Zarikovs1999 won by checkmate"]

1. Nf3 d5 2. c4 e6 3. Nc3 Nf6 4. e3 Be7 5. Qc2 c5 6. d4 Nc6 7.
dxc5 Bxc5 8. cxd5 exd5 9. Bd3 Nb4 10. Bb5+ Bd7 11. Qe2 O-O 12. a3 Nc6 13. O-O Bg4 14.
h3 Bh5 15. Bxc6 bxc6 16. g4 Bg6 17. Ne5 Qc7 18. Nxg6 fxg6 19. b4 Bb6 20. Bb2 Rae8 21. Rac1 d4 22. Nb5 Qd7 23. Nxd4 Bxd4 24. Qc4+ Kh8 25.
Qxd4 Qe6 26. Qxa7 Nxg4 27. Qxg7# 1-0